[Event "Titled Tuesday Blitz May 9 Late 2023"]
[White "Ibadov, Dashgyn"]
[Black "Mikhalsky, Vladimir"]
[WhiteFideId "24107514"]
[BlackFideId "14144352"]
[WhiteElo "2208"]
[BlackElo "2236"]
[Result "0-1"]
[Round "09"]
[TimeControl "180+2"]
[Date "2023.05.09"]
[WhiteClock "0:00:00"]
[BlackClock "0:00:16"]

1. e4 g6 2. d4 Bg7 3. Nc3 d6 4. Be3 a6 5. h4 h5 6. Nh3 Bxh3 7. Rxh3 Nf6 8. f3 b5 9. Qd2 b4 10. Ne2 a5 11. Nf4 O-O 12. Bc4 Kh7 13. O-O-O Nbd7 14. Rhh1 Nb6 15. Bd3 c5 16. dxc5 dxc5 17. e5 Nfd5 18. Nxd5 Qxd5 19. Bxg6+ Kxg6 20. Qxd5 Nxd5 21. Rxd5 c4 22. g4 e6 23. Rd4 b3 24. axb3 cxb3 25. cxb3 Bxe5 26. Re4 Bf6 27. Rg1 Rfc8+ 28. Kb1 Rab8 29. gxh5+ Kxh5 30. Rf4 Rxb3 31. Rxf6 Rxe3 32. Rxf7 Rh8 33. Rg5+ Kxh4 34. Rxa5 Kg3 35. Rg5+ Kf2 36. f4 Rb8 37. f5 e5 38. Rh5 Kg3 39. Rg7+ Kf4 40. Rg2 e4 41. f6 Rf3 42. f7 Ke3 43. Rh7 Rf8 44. Rgg7 Ke2 45. Rh2+ Rf2 46. Rxf2+ Kxf2 47. Kc2 e3 0-1


[Site "https://www.chess.com"]

[Event "Titled Tuesday Blitz May 9 Late 2023"]
[White "marik_spb"]
[Black "Nikologorskiy, Konstantin"]
[BlackFideId "24111708"]
[WhiteElo "2455"]
[BlackElo "2273"]
[Result "0-1"]
[Round "09"]
[TimeControl "180+2"]
[Date "2023.05.09"]
[WhiteClock "0:00:00"]
[BlackClock "0:01:37"]

1. d4 Nf6 2. c4 e6 3. Nf3 Bb4+ 4. Bd2 c5 5. g3 b6 6. Bg2 Bb7 7. O-O O-O 8. Bxb4 cxb4 9. a3 bxa3 10. Rxa3 a5 11. Nbd2 d6 12. Qc2 Nbd7 13. e4 e5 14. Re1 Rc8 15. Rc3 Qe7 16. Bh3 Rfd8 17. d5 Ba6 18. Nh4 g6 19. Qd1 b5 20. cxb5 Rxc3 21. bxc3 Bxb5 22. c4 Ba6 23. Qa4 Nb6 24. Qxa5 Nxc4 25. Qxa6 Nxd2 26. Qd3 Ndxe4 27. Rxe4 Nxe4 28. Qxe4 Rb8 29. Bf1 Rb2 30. Nf3 Qa7 31. Qe3 Qa5 32. Bc4 Qb4 33. Bd3 Qc3 34. Bf1 Qa5 35. Ng5 Qxd5 36. Ne4 Kg7 37. Qf3 f5 38. Qc3 Rb7 39. Ng5 h6 40. Nf3 Kf6 41. Bc4 Qc5 0-1


[Site "https://www.chess.com"]

[Event "Titled Tuesday Blitz May 9 Late 2023"]
[White "Sun, Rick"]
[Black "DubiousM0ves532"]
[WhiteFideId "30909481"]
[WhiteElo "2169"]
[BlackElo "2454"]
[Result "0-1"]
[Round "09"]
[TimeControl "180+2"]
[Date "2023.05.09"]
[WhiteClock "0:00:05"]
[BlackClock "0:00:14"]

1. e4 c5 2. Nf3 e6 3. d4 cxd4 4. Nxd4 a6 5. Nc3 Qc7 6. g3 Nf6 7. Bg2 Nc6 8. O-O Nxd4 9. Qxd4 Bc5 10. Bf4 Bxd4 11. Bxc7 O-O 12. Rfd1 Ba7 13. e5 Ng4 14. Ne4 f5 15. exf6 Nxf6 16. Rd2 Nxe4 17. Bxe4 d5 18. Bd3 Bd7 19. Kg2 Bc6 20. Re1 Rae8 21. Be5 Rf7 22. f4 Bc5 23. c3 d4+ 24. Kh3 dxc3 25. Bxc3 Bd5 26. a3 Rd8 27. Be4 Rfd7 28. Rde2 Bc4 29. Rc2 Bb3 30. Rce2 Bc4 31. Rc2 Bb3 32. Rcc1 Bf2 33. Re2 Ba7 34. Bc2 Bd5 35. Rce1 g6 36. Re5 Bb8 37. Rxe6 Bxe6+ 38. Rxe6 Rd6 39. Re7 R6d7 40. Bb3+ Kf8 41. Re3 Bd6 42. Ba5 Re8 43. Rd3 b5 44. Bb4 Red8 45. Re3 Bxb4 46. axb4 Re7 47. Rc3 Rd4 48. Rc8+ Kg7 49. Rg8+ Kf6 50. Ra8 Rxb4 51. Rxa6+ Kg7 52. Ra3 Re3 53. Ra7+ Kh6 54. Bd5 Rxb2 55. Bg8 g5 56. Rxh7+ Kg6 57. fxg5 Kxg5 58. Rh4 Ree2 59. Rg4+ Kf6 60. Rf4+ Ke7 61. Rf7+ Ke8 62. Kg4 Rxh2 63. Rf4 Rhg2 64. Bf7+ Ke7 65. Bd5 Rg1 66. Bf3 Rd2 67. Re4+ Kd6 68. Rf4 Kc5 69. Rf5+ Kb4 70. Bc6 Rd3 71. Rxb5+ Kc4 72. Rf5 Rdxg3+ 73. Kh4 Rg7 74. Bb5+ Kb4 75. Bc6 Rh7+ 76. Rh5 Rxh5+ 77. Kxh5 Rc1 78. Be8 Kc5 79. Kh6 Kd6 80. Bf7 Rg1 81. Kh7 Ke7 82. Bg6 Kf6 83. Be8 Rg7+ 84. Kh8 Ra7 85. Bh5 Kg5 86. Be8 Kh6 87. Kg8 Rg7+ 88. Kf8 Ra7 89. Bf7 Kg5 90. Kg7 Rb7 91. Kg8 Kf6 92. Bd5 Ra7 93. Bc4 Kg6 94. Kh8 Kh6 95. Bg8 Rc7 96. Be6 Rg7 97. Bg8 Kg6 98. Bd5 Kf6 99. Bg8 Rg5 100. Bh7 Ke7 101. Be4 Rg4 102. Bh7 Rh4 103. Kg7 Rh2 104. Kh8 Rh1 105. Kg7 Rg1+ 106. Kh6 Kf6 107. Be4 Rg4 108. Bf3 Rh4+ 109. Bh5 Rh2 110. Kh7 Rxh5+ 111. Kg8 Rh4 0-1


[Site "https://www.chess.com"]

[Event "Titled Tuesday Blitz May 9 Late 2023"]
[White "Janaszak, Dawid"]
[Black "Jimenez Almeida, Luis David"]
[WhiteFideId "1119206"]
[BlackFideId "22242244"]
[WhiteElo "2220"]
[BlackElo "2245"]
[Result "1-0"]
[Round "09"]
[TimeControl "180+2"]
[Date "2023.05.09"]
[WhiteClock "0:00:15"]
[BlackClock "0:00:00"]

1. d4 g6 2. h4 c5 3. d5 Nf6 4. Nc3 Bg7 5. h5 Nxh5 6. e4 d6 7. Be2 Nf6 8. Bg5 Qa5 9. Qd2 Nbd7 10. f4 Qb4 11. Nf3 Nxe4 12. Nxe4 Qxe4 13. O-O-O h6 14. Bh4 Qb4 15. c3 Qa4 16. Bd3 Nf6 17. Qe2 O-O 18. Kb1 Qxf4 19. g3 Qg4 20. Qxe7 Qxf3 21. Rhf1 Qg4 22. Bxf6 Bxf6 23. Qxf6 c4 24. Bc2 Qg5 25. Qxd6 Bg4 26. Rd4 b5 27. Rdf4 Rad8 28. Qc7 Rd7 29. Qc5 h5 30. Qxb5 Rxd5 31. Qxc4 Rc5 32. Qb3 Rc7 33. Ka1 Be6 34. Qa3 Qxg3 35. R4f3 Qg5 36. Qd6 Qc5 37. Qg3 Rfc8 38. Rf6 Qf8 39. Bxg6 Qg7 40. Qe5 Rc5 41. Qd4 fxg6 42. Rg1 Rg5 43. Rxg5 Rf8 44. Rgxg6 Rxf6 45. Qxf6 1-0


[Site "https://www.chess.com"]

[Event "Titled Tuesday Blitz May 9 Late 2023"]
[White "angelgab3"]
[Black "Rios Escobar, Adan"]
[BlackFideId "3403645"]
[WhiteElo "2539"]
[BlackElo "2440"]
[Result "0-1"]
[Round "09"]
[TimeControl "180+2"]
[Date "2023.05.09"]
[WhiteClock "0:00:19"]
[BlackClock "0:00:40"]

1. e4 c5 2. Nf3 d6 3. d4 cxd4 4. Nxd4 Nf6 5. Nc3 a6 6. Bg5 Nbd7 7. Qe2 g6 8. h4 h6 9. Bxf6 Nxf6 10. O-O-O Qa5 11. Nb3 Qc7 12. f3 Bg7 13. g4 h5 14. g5 Nd7 15. Nd5 Qd8 16. Qc4 O-O 17. Bh3 Ne5 18. Qe2 Bxh3 19. Rxh3 Rc8 20. Ne3 b5 21. f4 Nc4 22. Nxc4 Rxc4 23. f5 Be5 24. Rf3 Qc7 25. fxg6 fxg6 26. Rxf8+ Kxf8 27. Rf1+ Ke8 28. Qf2 Rxe4 29. Qf7+ Kd7 30. Qxg6 Rf4 31. Rd1 Qc4 32. Kb1 Rf1 33. Rc1 Bf4 34. Qf5+ Kc7 35. Qh7 Qe2 0-1


[Site "https://www.chess.com"]

[Event "Titled Tuesday Blitz May 9 Late 2023"]
[White "Koutsin"]
[Black "brm72"]
[WhiteElo "2434"]
[BlackElo "2537"]
[Result "1-0"]
[Round "09"]
[TimeControl "180+2"]
[Date "2023.05.09"]
[WhiteClock "0:00:20"]
[BlackClock "0:00:00"]

1. d4 Nf6 2. c4 g6 3. Nc3 d5 4. Nf3 Bg7 5. e3 c5 6. dxc5 Qa5 7. Bd2 dxc4 8. Bxc4 Qxc5 9. Qe2 O-O 10. O-O Nc6 11. Rac1 Bg4 12. Bb3 Ne5 13. Nd5 Qd6 14. Bb4 Bxf3 15. gxf3 Qd7 16. Nxe7+ Kh8 17. f4 Neg4 18. Rfd1 Qe8 19. Nd5 Nxd5 20. Bxd5 h5 21. Bxf8 Qxf8 22. Rc7 Nh6 23. Bxb7 Rb8 24. Rdd7 a5 25. a3 Qe8 26. Qc4 Bxb2 27. a4 Bg7 28. Rc8 Rxc8 29. Qxc8 Qxc8 30. Bxc8 Bc3 31. Rb7 Kg7 32. Kg2 Kf8 33. h3 Ng8 34. Rc7 Bb4 35. Ba6 Ne7 36. Bc4 f6 37. Ra7 Bc3 38. Kf3 Nf5 39. Rc7 Nd6 40. Be6 Ke8 41. Rxc3 1-0


[Site "https://www.chess.com"]

[Event "Titled Tuesday Blitz May 9 Late 2023"]
[White "Altman, Joshua"]
[Black "Papayan, Oleg"]
[WhiteFideId "426210"]
[BlackFideId "4193911"]
[WhiteElo "2028"]
[BlackElo "2171"]
[Result "1/2-1/2"]
[Round "09"]
[TimeControl "180+2"]
[Date "2023.05.09"]
[WhiteClock "0:00:09"]
[BlackClock "0:00:08"]

1. d4 Nf6 2. c4 g6 3. Nc3 d5 4. Bg5 Ne4 5. Bh4 Nxc3 6. bxc3 Bg7 7. e3 O-O 8. Nf3 c6 9. Bd3 dxc4 10. Bxc4 Nd7 11. O-O Nf6 12. Rb1 Nd5 13. Qd2 Re8 14. e4 Nf6 15. Rfe1 Qa5 16. h3 e6 17. Bd3 Nd7 18. Qc2 e5 19. d5 Nc5 20. Bc4 cxd5 21. Bxd5 Be6 22. c4 Rac8 23. Rec1 b6 24. Rb5 Qa3 25. Rd1 Bd7 26. Rbb1 Ba4 27. Qe2 Bxd1 28. Rxd1 Ne6 29. Bg3 Nf4 30. Bxf4 exf4 31. Ng5 Rc7 32. Qg4 Rf8 33. Qxf4 Re7 34. Qh4 h6 35. Nf3 g5 36. Qg3 Qxa2 37. h4 Qc2 38. Re1 gxh4 39. Nxh4 Re5 40. Nf5 Rxf5 41. exf5 Qxf5 42. Be4 Qg5 43. Qf3 Kh8 44. Rd1 f5 45. Bd5 a5 46. Re1 Qf6 47. Re6 Qg5 48. Rxb6 Re8 49. Rb7 Re1+ 50. Kh2 Qh4+ 51. Qh3 Be5+ 52. g3 Qxh3+ 53. Kxh3 f4 54. gxf4 Bxf4 55. Kg4 Bg5 56. Kh5 Re7 57. Rb8+ Kg7 58. Rg8+ Kf6 59. Rg6+ Ke5 60. Ra6 Bd2 61. Kg6 Kd4 62. Ra8 Kc5 63. Rc8+ Kb4 64. Rb8+ Kc3 65. c5 Re5 66. c6 Rxd5 67. c7 Rd6+ 68. Kh5 Rc6 69. c8=Q Rxc8 70. Rxc8+ Kb3 71. Ra8 a4 72. Kg4 a3 73. f4 a2 74. f5 Bc1 75. f6 Ba3 76. Rxa3+ Kxa3 77. f7 a1=Q 78. f8=Q+ Kb3 79. Qxh6 Qg1+ 80. Kh5 Qh2+ 81. Kg6 Qd6+ 82. Kh5 Qe5+ 83. Qg5 Qe8+ 84. Qg6 Qe2+ 85. Qg4 Qe8+ 86. Qg6 Qh8+ 87. Qh6 Qe5+ 88. Qg5 Qe8+ 89. Qg6 1/2-1/2


[Site "https://www.chess.com"]

[Event "Titled Tuesday Blitz May 9 Late 2023"]
[White "Haszon, David"]
[Black "Gasparyan, David"]
[WhiteFideId "733610"]
[BlackFideId "13311980"]
[WhiteElo "2210"]
[BlackElo "2415"]
[Result "1-0"]
[Round "09"]
[TimeControl "180+2"]
[Date "2023.05.09"]
[WhiteClock "0:00:15"]
[BlackClock "0:00:07"]

1. e4 e5 2. Nc3 Nf6 3. f4 exf4 4. e5 Qe7 5. Qe2 f3 6. Nxf3 Ng4 7. d4 c6 8. h3 Nh6 9. Ne4 Nf5 10. g4 Nh4 11. Nd6+ Kd8 12. Bg5 Nxf3+ 13. Qxf3 f6 14. Be3 Kc7 15. O-O-O g5 16. Bc4 fxe5 17. Nf7 Rg8 18. Nxe5 d5 19. Bd3 Bg7 20. Rhe1 Bxe5 21. dxe5 Be6 22. Qf2 b6 23. Qf6 Qxf6 24. exf6 Nd7 25. Bxh7 Rh8 26. Bxg5 Rxh7 27. Rxe6 Rxh3 28. f7 Rf8 29. Rf1 Rh7 30. Re7 Kc8 31. Re8+ Kb7 32. Rxf8 Nxf8 33. Be7 Rh8 34. Bxf8 Rxf8 35. g5 Kc7 36. g6 Kd7 37. g7 Ke7 38. gxf8=Q+ Kxf8 1-0


[Site "https://www.chess.com"]

[Event "Titled Tuesday Blitz May 9 Late 2023"]
[White "Colpe, Malte"]
[Black "Kavutskiy, Konstantin"]
[WhiteFideId "24623075"]
[BlackFideId "2026384"]
[WhiteElo "2289"]
[BlackElo "2323"]
[Result "0-1"]
[Round "09"]
[TimeControl "180+2"]
[Date "2023.05.09"]
[WhiteClock "0:00:00"]
[BlackClock "0:00:21"]

1. d4 Nf6 2. c4 g6 3. Nc3 Bg7 4. g3 d6 5. Bg2 O-O 6. e4 e5 7. Nge2 Nc6 8. O-O exd4 9. Nxd4 Nxe4 10. Nxc6 Nxc3 11. Nxd8 Nxd1 12. Nxb7 Nxb2 13. Nxd6 Rb8 14. Nxc8 Rfxc8 15. Rb1 Nxc4 16. Bf4 Rxb1 17. Rxb1 Nd6 18. Rc1 Bf8 19. Bh3 f5 20. Bf1 c5 21. Bg2 Kf7 22. Bd5+ Kf6 23. Re1 Re8 24. Rc1 Ne4 25. f3 g5 26. Bc7 Nd2 27. Kf2 g4 28. fxg4 fxg4 29. Bf4 Ne4+ 30. Kg2 h5 31. Rf1 Kg6 32. Be3 Nf6 33. Rxf6+ Kxf6 34. Bf4 Re2+ 0-1


[Site "https://www.chess.com"]

[Event "Titled Tuesday Blitz May 9 Late 2023"]
[White "Rangel, Daniel"]
[Black "Bilan, Danila"]
[WhiteFideId "2124475"]
[BlackFideId "24161918"]
[WhiteElo "2256"]
[BlackElo "2182"]
[Result "1-0"]
[Round "09"]
[TimeControl "180+2"]
[Date "2023.05.09"]
[WhiteClock "0:00:19"]
[BlackClock "0:00:00"]

1. c4 c6 2. Nf3 d5 3. e3 Nf6 4. b3 Bf5 5. Bb2 e6 6. Nc3 Nbd7 7. Be2 h6 8. d4 Bd6 9. O-O O-O 10. h3 Rc8 11. Bd3 Ne4 12. Qc2 Ndf6 13. Ne5 c5 14. Nxe4 dxe4 15. Be2 Bxe5 16. dxe5 Nd7 17. Rad1 Qe7 18. Rd6 f6 19. Rfd1 Nxe5 20. Bxe5 fxe5 21. Rd7 Qg5 22. Kh2 Bxh3 23. Bf1 Bg4 24. R1d2 Bf3 25. gxf3 Qh4+ 26. Kg1 exf3 27. Qg6 Qg5+ 28. Qxg5 hxg5 29. Bh3 Rf6 30. Rxb7 g4 31. Bf1 Rg6 32. Bd3 Rh6 33. Be4 1-0


[Site "https://www.chess.com"]

[Event "Titled Tuesday Blitz May 9 Late 2023"]
[White "Santos Flores, Alberto"]
[Black "Hoffmann, Asa"]
[WhiteFideId "3601234"]
[BlackFideId "2001470"]
[WhiteElo "2235"]
[BlackElo "2117"]
[Result "1-0"]
[Round "09"]
[TimeControl "180+2"]
[Date "2023.05.09"]
[WhiteClock "0:00:50"]
[BlackClock "0:00:17"]

1. e4 d6 2. d4 Nf6 3. Nc3 c6 4. Be3 Ng4 5. Bc1 e5 6. dxe5 dxe5 7. h3 Qxd1+ 8. Nxd1 Nf6 9. Nf3 Nbd7 10. Nc3 Bb4 11. Bd2 Bxc3 12. Bxc3 Nxe4 13. Bxe5 Nxe5 14. Nxe5 Be6 15. Bd3 Nc5 16. b4 Nxd3+ 17. Nxd3 O-O 18. O-O-O Bxa2 19. Nc5 b6 20. Ne4 Bd5 21. f3 Bxe4 22. fxe4 Rfe8 23. Rhe1 Re7 24. Rd6 Rc8 25. Kb2 f6 26. c4 c5 27. b5 Rce8 28. Ra1 Kf7 29. Kc3 Rc7 30. Kd3 Ree7 31. g4 Red7 32. Rxd7+ Rxd7+ 33. Ke3 Ke7 34. Kf4 Kd8 35. Kf5 Kc8 36. Ke6 Rc7 37. h4 h6 38. g5 hxg5 39. hxg5 fxg5 40. e5 Kb7 41. Rg1 a6 42. bxa6+ Kxa6 43. Kd6 Rc8 44. Kd7 Kb7 45. e6 Rc7+ 46. Kd6 Rc6+ 47. Kd5 Rc7 48. Rxg5 b5 49. cxb5 c4 50. Rg2 c3 51. Rc2 Kb6 52. Kd6 Rc8 53. e7 Kxb5 54. Rxc3 Rxc3 55. e8=Q+ Kb4 56. Qg8 Rg3 57. Ke5 Kc3 58. Kf4 Rg1 59. Qc8+ Kd3 60. Qa6+ Kd2 61. Kf3 Rd1 62. Qe2+ Kc1 63. Qc4+ Kd2 64. Qd4+ Kc2 65. Qc4+ Kb2 66. Ke2 Rc1 67. Qb4+ Kc2 68. Qd2+ Kb1 69. Kd3 g5 70. Qb4+ Ka2 71. Kd2 Rb1 72. Qa4+ Kb2 73. Qc2+ Ka1 74. Kc3 g4 75. Qa4# 1-0


[Site "https://www.chess.com"]

[Event "Titled Tuesday Blitz May 9 Late 2023"]
[White "Qiao, Cindy"]
[Black "Grinev, Valeriy"]
[WhiteFideId "2620243"]
[BlackFideId "14117517"]
[WhiteElo "1777"]
[BlackElo "2366"]
[Result "1-0"]
[Round "09"]
[TimeControl "180+2"]
[Date "2023.05.09"]
[WhiteClock "0:00:11"]
[BlackClock "0:00:40"]

1. d4 c5 2. e3 cxd4 3. exd4 Nf6 4. Bf4 g6 5. Nc3 Bg7 6. Qd2 O-O 7. O-O-O Re8 8. Bh6 Bh8 9. h4 d5 10. h5 Nc6 11. hxg6 fxg6 12. f3 Be6 13. g4 Bf7 14. Bg5 e5 15. Qh2 h5 16. gxh5 gxh5 17. Nge2 exd4 18. Nxd4 Nxd4 19. Rxd4 Qb6 20. Rd1 Rac8 21. Rg1 Kf8 22. Bb5 Re6 23. Bh6+ Ke7 24. Rde1 Rxc3 25. bxc3 Qxb5 26. Rxe6+ Bxe6 27. Qc7+ Qd7 28. Qc5+ Kf7 29. Qf8# 1-0


[Site "https://www.chess.com"]

[Event "Titled Tuesday Blitz May 9 Late 2023"]
[White "Shapiro, Daniel"]
[Black "Moore, Nicholas"]
[WhiteFideId "2001780"]
[BlackFideId "4303709"]
[WhiteElo "2369"]
[BlackElo "2499"]
[Result "0-1"]
[Round "09"]
[TimeControl "180+2"]
[Date "2023.05.09"]
[WhiteClock "0:00:00"]
[BlackClock "0:00:07"]

1. d4 d5 2. c4 c6 3. Nf3 Nf6 4. Qb3 dxc4 5. Qxc4 Bf5 6. Nc3 e6 7. Qb3 Qb6 8. Nd2 Nbd7 9. e3 Be7 10. Be2 O-O 11. O-O e5 12. Qxb6 axb6 13. Nb3 Be6 14. Bd1 b5 15. Bc2 b4 16. Ne2 Ra7 17. f4 e4 18. h3 h5 19. Bd2 Rfa8 20. f5 Bd5 21. Nbc1 Nb6 22. b3 Bd6 23. Nf4 Nc8 24. Bd1 h4 25. Be1 Ne7 26. Bxh4 Nxf5 27. Bxf6 Nxe3 28. Nxd5 Nxf1 29. Be7 Ne3 30. Bxd6 cxd5 31. Bxb4 Nxd1 32. a4 Ne3 33. Ne2 Rc8 34. Nc3 Raa8 35. Nb5 Rc2 36. Nd6 Rxg2+ 37. Kh1 Rb2 0-1


[Site "https://www.chess.com"]

[Event "Titled Tuesday Blitz May 9 Late 2023"]
[White "Roman, Rodrigo"]
[Black "Cruz, William Ferreira Da"]
[WhiteFideId "3701220"]
[BlackFideId "2118050"]
[WhiteElo "1995"]
[BlackElo "2223"]
[Result "1-0"]
[Round "09"]
[TimeControl "180+2"]
[Date "2023.05.09"]
[WhiteClock "0:00:58"]
[BlackClock "0:00:28"]

1. b3 e5 2. Bb2 Nc6 3. c4 g6 4. g3 Bg7 5. Bg2 Nge7 6. Nc3 O-O 7. e3 d6 8. Nge2 Be6 9. d4 d5 10. cxd5 Nxd5 11. Nxd5 Bxd5 12. e4 exd4 13. exd5 d3 14. Bxg7 dxe2 15. Qd2 Kxg7 16. dxc6 Qf6 17. Rc1 Rad8 18. Qc3 Rd1+ 19. Kxe2 Rd4 20. Rhe1 bxc6 21. Kf1 Rfd8 22. Kg1 R8d6 23. Qf3 Qg5 24. Rxc6 Rd3 25. Qe4 Qa5 26. Rxd6 Rxd6 27. Qe5+ Qxe5 28. Rxe5 Rd2 29. Ra5 Rd1+ 1-0


[Site "https://www.chess.com"]

[Event "Titled Tuesday Blitz May 9 Late 2023"]
[White "6PackPlayer"]
[Black "Jonkman, Harmen"]
[BlackFideId "1002708"]
[WhiteElo "2278"]
[BlackElo "2368"]
[Result "1-0"]
[Round "09"]
[TimeControl "180+2"]
[Date "2023.05.09"]
[WhiteClock "0:00:37"]
[BlackClock "0:00:38"]

1. e4 Nf6 2. e5 Nd5 3. c4 Nb6 4. a4 d6 5. a5 N6d7 6. exd6 cxd6 7. d4 e5 8. d5 g6 9. h4 Bg7 10. h5 f5 11. Nf3 f4 12. hxg6 hxg6 13. Rxh8+ Bxh8 14. Bd3 g5 15. Nh4 Nf6 16. Bg6+ Kf8 17. Nf5 Na6 18. Nc3 Bd7 19. Ke2 Rc8 20. Qh1 Bg7 21. Ne4 Nxe4 22. Nxg7 Kxg7 23. Qh7+ Kf6 24. Qf7# 1-0


[Site "https://www.chess.com"]

[Event "Titled Tuesday Blitz May 9 Late 2023"]
[White "Barria Santos, Jose Guilherme"]
[Black "cristianserban1"]
[WhiteFideId "1939300"]
[WhiteElo "2266"]
[BlackElo "2495"]
[Result "1-0"]
[Round "09"]
[TimeControl "180+2"]
[Date "2023.05.09"]
[WhiteClock "0:01:04"]
[BlackClock "0:00:03"]

1. c3 c5 2. a3 d5 3. b4 cxb4 4. axb4 g6 5. h4 h5 6. e3 Bg7 7. g3 Bg4 8. Qb3 e6 9. Bg2 Ne7 10. Nf3 O-O 11. O-O Nd7 12. d4 Bxf3 13. Bxf3 Nb6 14. Nd2 Nf5 15. e4 dxe4 16. Nxe4 a6 17. Bg5 Qc7 18. Nc5 Ra7 19. Bf4 e5 20. dxe5 Bxe5 21. Bxe5 Qxe5 22. Rfe1 Qc7 23. Be4 Ne7 24. Rad1 a5 25. Bf3 axb4 26. cxb4 Nf5 27. Be4 Ne7 28. Bb1 Raa8 29. Nd7 Rfe8 30. Nf6+ Kg7 31. Nxe8+ Rxe8 32. Qb2+ Kh7 33. Qf6 Ned5 34. Qg5 Rxe1+ 35. Rxe1 Kg7 36. b5 Qd7 37. Be4 Nf6 38. Qe5 Nc4 39. Qc3 Qd2 40. Qxd2 Nxd2 41. Bxb7 Nd7 42. Bc6 Nb8 43. Re8 Nxc6 44. bxc6 Nf3+ 45. Kg2 Nd4 46. c7 1-0


[Site "https://www.chess.com"]

[Event "Titled Tuesday Blitz May 9 Late 2023"]
[White "Figorito, Nick"]
[Black "Sanhueza, Cristian"]
[WhiteFideId "30923689"]
[BlackFideId "116815"]
[WhiteElo "2364"]
[BlackElo "2174"]
[Result "1-0"]
[Round "09"]
[TimeControl "180+2"]
[Date "2023.05.09"]
[WhiteClock "0:00:15"]
[BlackClock "0:00:30"]

1. Nf3 Nf6 2. g3 g6 3. Bg2 Bg7 4. O-O O-O 5. c4 d6 6. Nc3 Nc6 7. d3 e5 8. Rb1 a5 9. a3 h6 10. b4 axb4 11. axb4 Be6 12. b5 Ne7 13. Ne1 d5 14. cxd5 Nexd5 15. Nxd5 Bxd5 16. Bb2 Re8 17. Qc2 Qd6 18. Bxd5 Nxd5 19. Nf3 Nb4 20. Qb3 e4 21. Bxg7 Kxg7 22. Qxb4 exf3 23. Qxd6 cxd6 24. exf3 Ra3 25. Rfe1 Kf8 26. Rxe8+ Kxe8 27. Rc1 Rb3 28. Rc8+ Kd7 29. Rf8 Ke7 30. Rh8 h5 31. g4 Rxb5 32. Kg2 Rd5 33. h4 b5 34. Rb8 Ke6 35. Rb7 Rd4 36. g5 b4 37. Kg3 Kd5 38. Rxf7 b3 39. Rb7 Rxd3 40. Kf4 Rd4+ 41. Ke3 Rxh4 42. Rxb3 Rc4 43. Rb8 Rc3+ 44. Kf4 Rc4+ 45. Kg3 h4+ 46. Kh3 Ke5 47. Rf8 Rf4 48. Re8+ Kf5 49. Rd8 Rd4 50. f4 Kxf4 51. Kxh4 Kf3+ 52. Kh3 Kxf2 53. Rg8 Rd3+ 54. Kg4 Rd4+ 55. Kh3 Kf3 56. Rxg6 Rf4 57. Rf6 d5 58. Rxf4+ Kxf4 59. g6 d4 60. g7 d3 61. g8=Q d2 62. Qb3 Ke4 63. Qd1 Ke3 64. Kg2 Kd3 65. Kf2 Kc3 66. Ke2 1-0


[Site "https://www.chess.com"]

[Event "Titled Tuesday Blitz May 9 Late 2023"]
[White "Ansh M Shah"]
[Black "Moral Garcia, Serafin"]
[WhiteFideId "25033379"]
[BlackFideId "2201925"]
[WhiteElo "2084"]
[BlackElo "2274"]
[Result "0-1"]
[Round "09"]
[TimeControl "180+2"]
[Date "2023.05.09"]
[WhiteClock "0:00:04"]
[BlackClock "0:00:21"]

1. d4 Nf6 2. c4 g6 3. h4 c5 4. d5 e6 5. Nc3 exd5 6. cxd5 Bg7 7. e4 d6 8. Be2 O-O 9. h5 Re8 10. h6 Bh8 11. f3 a6 12. a4 Nbd7 13. Nh3 Rb8 14. Ng5 Nh5 15. Rxh5 gxh5 16. f4 Nf6 17. Bxh5 Nxh5 18. Qxh5 Qf6 19. Bd2 Qg6 20. Qh4 Bd7 21. O-O-O b5 22. f5 Bxf5 23. exf5 Qxf5 24. Qg3 Be5 25. Qh4 Bf6 26. Qf4 Qxf4 27. Bxf4 Be5 28. Bd2 bxa4 29. Rf1 Rb7 30. Nge4 Reb8 31. Bf4 Bxf4+ 32. Rxf4 Rxb2 33. Nxd6 a3 34. Ra4 Rxg2 35. Rxa3 Rg6 36. Nf5 Rf6 37. Ne7+ Kf8 38. Nc6 Ra8 39. Ne4 Rxh6 40. Nxc5 Rd6 41. Rd3 Rc8 42. Kc2 a5 43. Kb3 h5 44. Ka4 h4 45. Kb5 a4 46. Kxa4 h3 47. Ne4 Rh6 48. Nf2 h2 49. Rd1 Ke8 50. Rh1 Kd7 51. Ng4 Rh4 52. Ne5+ Kd6 53. Rxh2 Rxh2 54. Nxf7+ Ke7 55. Nxh2 Kxf7 56. Kb4 Ke7 57. Ng4 Kd6 58. Ne3 Re8 59. Nc4+ Kxd5 60. Kc3 Rc8 61. Kd3 Rxc4 62. Ke3 Rd4 0-1


[Site "https://www.chess.com"]

[Event "Titled Tuesday Blitz May 9 Late 2023"]
[White "TheKnightOfBosnia"]
[Black "Al-Saffar, Araz Basim Mohammed S"]
[BlackFideId "4801040"]
[WhiteElo "2467"]
[BlackElo "2304"]
[Result "1-0"]
[Round "09"]
[TimeControl "180+2"]
[Date "2023.05.09"]
[WhiteClock "0:01:27"]
[BlackClock "0:00:01"]

1. e4 e5 2. Nf3 Nf6 3. Nxe5 d6 4. Nf3 Nxe4 5. g3 d5 6. Bg2 Be7 7. O-O O-O 8. Re1 c6 9. c4 Nf6 10. cxd5 Nxd5 11. Nc3 Be6 12. d4 Nd7 13. Qc2 N7f6 14. a3 Nxc3 15. bxc3 Re8 16. Ne5 Bf8 17. Bb2 Nd7 18. c4 Nxe5 19. Rxe5 g6 20. d5 cxd5 21. cxd5 Bd7 22. Rxe8 Bxe8 23. Qc3 f6 24. Qxf6 Qxf6 25. Bxf6 Rc8 26. Be5 Bg7 27. Bxg7 Kxg7 28. Re1 Kf7 29. d6 Rd8 30. Re7+ Kf6 31. Bxb7 Bd7 32. Rxh7 Be6 33. Bf3 a6 34. Rc7 Rxd6 35. Rc6 Rd3 36. Be2 Rxa3 37. Bc4 Ra1+ 38. Kg2 Re1 39. Rxa6 Kf5 40. Rxe6 Rxe6 41. Bxe6+ Kxe6 42. Kf3 Kf5 43. h4 Ke5 44. Kg4 Kf6 45. Kf4 Ke6 46. Kg5 Kf7 47. f3 Kg7 48. f4 Kf7 49. h5 gxh5 50. Kxh5 Kf6 51. g4 Kg7 52. Kg5 Kf7 53. Kh6 Kg8 54. f5 Kh8 55. g5 Kg8 56. Kg6 Kh8 57. Kf6 Kg8 58. Ke7 Kh8 59. f6 Kg8 60. f7+ Kh7 61. f8=Q Kg6 62. Qf6+ Kh7 63. g6+ Kh6 64. g7+ Kh5 65. Qf1 Kh6 66. Qg2 Kh5 67. g8=Q Kh4 68. Qh8# 1-0


[Site "https://www.chess.com"]

[Event "Titled Tuesday Blitz May 9 Late 2023"]
[White "FuenfgegenWilly"]
[Black "Vega Gutierrez, Sabrina"]
[BlackFideId "2219026"]
[WhiteElo "2337"]
[BlackElo "2209"]
[Result "1-0"]
[Round "09"]
[TimeControl "180+2"]
[Date "2023.05.09"]
[WhiteClock "0:00:29"]
[BlackClock "0:00:00"]

1. e4 c5 2. Nc3 Nc6 3. f4 e6 4. Nf3 d5 5. Bb5 Ne7 6. exd5 exd5 7. Qe2 Qd6 8. Ne5 g6 9. O-O Bg7 10. Re1 O-O 11. d3 Nd4 12. Qf2 a6 13. Ba4 b5 14. Bb3 f6 15. Nf3 Nxf3+ 16. Qxf3 c4 17. dxc4 bxc4 18. Bxc4 Qc5+ 19. Kh1 Qxc4 20. Rxe7 Bg4 21. Qf2 d4 22. h3 Bf5 23. Ne4 Rae8 24. Nd6 Qxc2 25. Qxc2 1-0


[Site "https://www.chess.com"]

[Event "Titled Tuesday Blitz May 9 Late 2023"]
[White "lluiss"]
[Black "Martic, Ivan"]
[BlackFideId "929301"]
[WhiteElo "2299"]
[BlackElo "2360"]
[Result "0-1"]
[Round "09"]
[TimeControl "180+2"]
[Date "2023.05.09"]
[WhiteClock "0:00:06"]
[BlackClock "0:00:56"]

1. Nf3 d5 2. d4 Nc6 3. c4 Bg4 4. cxd5 Bxf3 5. gxf3 Qxd5 6. e3 e5 7. Nc3 Bb4 8. Bd2 Bxc3 9. bxc3 Nf6 10. Bg2 O-O-O 11. O-O Qd6 12. Rb1 b6 13. Qa4 Rhe8 14. Rfd1 e4 15. c4 h5 16. c5 Qd7 17. cxb6 axb6 18. Rdc1 Kb7 19. Bh3 Qd5 20. Rc5 Qd6 21. Rbc1 bxc5 22. Qb5+ Ka8 23. Rxc5 Na7 24. Ba5 Nxb5 0-1


[Site "https://www.chess.com"]

[Event "Titled Tuesday Blitz May 9 Late 2023"]
[White "Nastase, Robert-Paul"]
[Black "Prydun, Andriy"]
[WhiteFideId "1221175"]
[BlackFideId "14145898"]
[WhiteElo "2175"]
[BlackElo "2164"]
[Result "1-0"]
[Round "09"]
[TimeControl "180+2"]
[Date "2023.05.09"]
[WhiteClock "0:00:09"]
[BlackClock "0:00:00"]

1. e4 d6 2. d4 Bd7 3. Bc4 Qc8 4. Nf3 Be6 5. Bb3 Nf6 6. Nc3 g6 7. O-O Bg7 8. h3 O-O 9. d5 Bd7 10. Bf4 e5 11. dxe6 Bxe6 12. Qd2 Re8 13. Rfe1 Nc6 14. Rad1 Bxh3 15. gxh3 Qxh3 16. Nh2 Nh5 17. Nd5 Nd4 18. Re3 Qh4 19. Bg3 Nxg3 20. fxg3 Qh3 21. Qg2 Qd7 22. c3 Ne6 23. Ng4 Qd8 24. Rf1 Rf8 25. Ndf6+ Kh8 26. Qh3 h5 27. Kg2 Nc5 28. Nxh5 gxh5 29. Qxh5+ Kg8 30. Rh1 1-0


[Site "https://www.chess.com"]